 Dungeon Crawl Stone Soup version 0.29.0-4-gdea44cf6ec (webtiles) character file.

Game seed: 12891541055043837366

74 qw the Chopper (level 4, 0/35 HPs)
             Began as a Formicid Cinder Acolyte on Sept 3, 2022.
             Was an Elder of Ignis.
             Slain by Grinder (2 damage)
             ... on level 3 of the Dungeon.
             The game lasted 00:01:20 (2773 turns).

qw the Chopper (Formicid Cinder Acolyte)            Turns: 2773, Time: 00:01:20

Health: 0/35       AC: 13    Str: 21    XL:     4   Next: 54%
Magic:  5/5        EV: 10    Int: 13    God:    Ignis [****..]
Gold:   128        SH:  0    Dex:  9    Spells: 5/5 levels left

rFire   + . .      SeeInvis +   Y - -1 hand axe (flame)
rCold   . . .      Faith    .   (no shield)
rNeg    . . .      Spirit   .   c - +0 ring mail
rPois   .          Reflect  .   (helmet unavailable)
rElec   .          Harm     .   (no cloak)
rCorr   .          Rampage  .   h - +0 pair of gloves
Will    .....                   (no boots)
Stlth   ..........              (no amulet)
HPRegen 0.11/turn               (no ring)
MPRegen 0.09/turn               (no ring)

@: fiery-armoured
A: permanent stasis, dig shafts and tunnels, antennae 3, four strong arms,
hooves 1, low MP 1, wild magic 1, evolution 1
a: Dig, Shaft Self, Renounce Religion, Fiery Armour, Foxfire Swarm, Rising Flame


You were on level 3 of the Dungeon.
You worshipped Ignis.
Ignis was greatly pleased with you.
You visited 1 branch of the dungeon, and saw 3 of its levels.

You collected 128 gold pieces.


Innate Abilities, Weirdness & Mutations

You cannot be hasted, slowed, berserked, paralysed or teleported.
You can dig through walls and to a lower floor.
You have a pair of large antennae on your head. (SInv)
Your four strong arms can wield two-handed weapons with a shield.
You have large cloven feet.
Your magical capacity is low. (-10% MP)
Your spells are a little harder to cast, but a little more powerful.
You have hidden genetic potential.


   Skills:
 - Level 3.2 Fighting
 + Level 4.6 Axes
 - Level 1.0 Armour
 - Level 1.0 Dodging
 - Level 1.1 Spellcasting
 - Level 3.0 Fire Magic


You had 5 spell levels left.
You didn't know any spells.
Your spell library contained the following spells:

 Spells                   Type           Power      Damage    Failure   Level
 Scorch                   Fire           22%        2d6       28%         2

Inventory:

Hand Weapons
 Y - a -1 hand axe of flaming (weapon)
Armour
 c - a +0 ring mail (worn)
 d - a scarf of repulsion
 h - a +0 pair of gloves (worn)
Scrolls
 a - 2 scrolls of identify
 b - a scroll of acquirement {unknown}
 i - a scroll of teleportation
Potions
 g - 2 potions of mutation
 k - a potion of cancellation {unknown}
 l - a potion of ambrosia {unknown}

Dungeon Overview and Level Annotations

Branches:
Dungeon (3/15)

Altars:

Shops:
D:1 [

Annotations:
D:3 Grinder


Message History

You hear the slow rusting of a very distant drain.
You start resting.
You sense a monster nearby.
You start resting.
Grinder is nearby!
2750 ||| FLEEEEING.
You see here a +0 rapier.
You start resting.
You sense a monster nearby.
Grinder gestures at you.
Your stasis prevents you from being paralysed.
You barely miss Grinder. You kick Grinder, but do no damage. Grinder hits you.
A giant cockroach comes into view.
You completely miss Grinder. Your kick misses Grinder. Grinder gestures at you.
Pain shoots through your body!
2768 ||| INVOKING Fiery Armour.
A protective cloak of flame settles atop you.
Grinder drinks a potion.
Grinder seems to grow stronger.
You hit Grinder but do no damage. Your kick misses Grinder. Grinder misses you.
You hit Grinder but do no damage. Grinder hits you but does no damage. x2
Grinder is burned by your cloak of flames.
Grinder is lightly wounded.
You hit Grinder. You burn Grinder. Your kick misses Grinder.
Grinder is lightly wounded.
Grinder hits you but does no damage.
Grinder is burned by your cloak of flames.
Grinder is moderately wounded.
You barely miss Grinder.
Grinder is moderately wounded.
Grinder hits you!
You writhe in agony.
Grinder is burned by your cloak of flames.
Grinder is heavily wounded.
You hit Grinder but do no damage. Your kick misses Grinder.
Grinder is heavily wounded.
Grinder hits you.
You die...

#.##########.#.#.....#.########
#..## #.#{#.#.###.#.# # #...##
#.#.#.#.# #.#.# # #.#..#
#.#.#.#.# #.#.# #
##.##.#####.#.#.#.# #.#.# #
#...........#.#.#.###.#.# #
#..##.#####.#.#.....#.#.########
#..##.#####.#.#.#####.#.##......
#..##........B5@......^.........
#.. #######.#.#.#........#.#####
#.#.#.#........#.# #
#.#.#......<...#.# #
#.#.###........#.# # #.#.#
#........#.# # #.#.#
#######.##.# # #.#.# #.##.# #
#.# #.# #


You could see Grinder (strong) and a giant cockroach.

Vanquished Creatures
  2 adders
  3 dart slugs
  2 ball pythons
  6 bats
  5 endoplasms
  3 giant cockroaches
  7 hobgoblins
  A quokka (D:1)
  A frilled lizard (D:1)
  6 goblins
  6 kobolds
  4 rats
46 creatures vanquished.

Notes
Turn   | Place    | Note
-------+----------+-------------------------------------------
     0 | D:1      | qw the Formicid Cinder Acolyte began the quest for the Orb.
     0 | D:1      | Reached XP level 1. HP: 18/18 MP: 2/2
     0 | D:1      | 0 ||| qw: Version: 0.1-a-102-g441f92d
     0 | D:1      | 0 ||| qw: Game counter: 5177
     0 | D:1      | 0 ||| qw: Always use a shield: true
     0 | D:1      | 0 ||| qw: God list: Okawaru
     0 | D:1      | 0 ||| qw: Allow faded altars: false
     0 | D:1      | 0 ||| qw: Do Orc after D:15 true
     0 | D:1      | 0 ||| qw: Do second Lair branch before Depths: true
     0 | D:1      | 0 ||| qw: Lair rune preference: random
     0 | D:1      | 0 ||| qw: Plans: Normal
     0 | D:1      | 0 ||| PLANNING D:1-11
   249 | D:1      | 249 ||| INVOKING Fiery Armour.
   250 | D:1      | Reached XP level 2. HP: 10/24 MP: 3/3
   459 | D:1      | 459 ||| Stepping ~*~*~tactically~*~*~ (hiding).
   495 | D:1      | 495 ||| Stepping ~*~*~tactically~*~*~ (hiding).
   597 | D:1      | 597 ||| Stepping ~*~*~tactically~*~*~ (hiding).
   924 | D:1      | Reached skill level 4 in Axes
   924 | D:1      | Reached XP level 3. HP: 29/29 MP: 4/4
  1159 | D:1      | 1159 ||| Stepping ~*~*~tactically~*~*~ (hiding).
  1410 | D:1      | Reached skill level 1 in Dodging
  1412 | D:1      | Found Ynwamizi's Antique Armour Shoppe.
  1421 | D:1      | 1421 ||| SHOPLISTING glowing ring mail (175 gold, have 36).
  1421 | D:1      | 1421 ||| SHOPLISTING runed ring mail (175 gold, have 36).
  1421 | D:1      | 1421 ||| SHOPLISTING runed scarf (200 gold, have 36).
  1421 | D:1      | 1421 ||| SHOPLISTING spiked plate armour (700 gold, have
                  | 36).
  1801 | D:1      | 1801 ||| UPGRADING to +0 ring mail.
  1811 | D:1      | 1811 ||| DROPPING +0 robe.
  1812 | D:1      | 1812 ||| UPGRADING to +0 pair of gloves.
  1817 | D:1      | 1817 ||| READING scroll labelled ANACRA TUPPEI.
  1818 | D:1      | 1818 ||| READING scroll labelled NEMYAWI NIORONG.
  1819 | D:1      | 1819 ||| READING 2 scrolls labelled GYFUMP QEFUALA.
  1820 | D:1      | 1820 ||| READING scroll labelled INWAXKO UFAS.
  1821 | D:1      | 1821 ||| DRINKING 2 ruby potions.
  1822 | D:1      | 1822 ||| DRINKING 2 fuming silvery potions.
  1822 | D:1      | Gained mutation: Your magical capacity is low. (-10% MP)
                  | [potion of mutation]
  1822 | D:1      | Gained mutation: You have hidden genetic potential. [potion
                  | of mutation]
  1822 | D:1      | Gained mutation: You have large cloven feet. [potion of
                  | mutation]
  1823 | D:1      | 1823 ||| DROPPING potion of invisibility.
  1912 | D:2      | 1912 ||| INVOKING Fiery Armour.
  2144 | D:2      | Reached skill level 1 in Armour
  2275 | D:2      | Reached XP level 4. HP: 34/35 MP: 5/5
  2469 | D:2      | 2469 ||| READING scroll labelled ROCIAC LEUDDAI.
  2486 | D:3      | 2486 ||| PLANNING SEWER
  2605 | D:3      | Gained mutation: Your spells are a little harder to cast,
                  | but a little more powerful. [hidden potential]
  2680 | D:3      | 2680 ||| Stepping ~*~*~tactically~*~*~ (hiding).
  2727 | D:3      | Noticed Grinder
  2729 | D:3      | 2729 ||| FLEEEEING.
  2730 | D:3      | 2730 ||| FLEEEEING.
  2731 | D:3      | 2731 ||| FLEEEEING.
  2732 | D:3      | 2732 ||| FLEEEEING.
  2733 | D:3      | 2733 ||| FLEEEEING.
  2734 | D:3      | 2734 ||| FLEEEEING.
  2750 | D:3      | 2750 ||| FLEEEEING.
  2768 | D:3      | 2768 ||| INVOKING Fiery Armour.
  2772 | D:3      | HP: 8/35 [Grinder (9)]
  2772 | D:3      | HP: 2/35 [Grinder (6)]
  2773 | D:3      | Slain by Grinder

Levels and vault maps discovered:
D:1:      dpeg_arrival_chambers_temple_mockup, layout_basic, serial_shops,
          nicolae_shop_competitors_out_of_business, minmay_surrounded
D:2:      layout_rooms, kennysheep_generic_room_9
D:3:      layout_basic, portal_sewer_entry_b, ebering_ecumenical_altar_box,
          uniq_grinder

Skill      XL: |  1  2  3 |
---------------+----------+-----
Axes           | 4 |  4.6
Dodging        | 1 |  1.0
Armour         | 1 |  1.0
Fighting       | |  3.2
Spellcasting   | |  1.1
Fire Magic     | |  3.0

Action                   |  1- 3 |  4- 6 || total
-------------------------+-------+-------++-------
Melee: Hand axe          |   135 |    27 ||   162
       Kick              |     6 |     6 ||    12
Invok: Fiery Armour      |     2 |     1 ||     3
  Use: Scroll            |     4 |     1 ||     5
       Potion            |     2 |       ||     2
Armor: Robe              |    36 |       ||    36
       Ring mail         |    17 |     8 ||    25
Dodge: Dodged            |    96 |    14 ||   110

Table legend:
 A = Non-vault XP
 B = Vault XP
 C = Vault XP percentage of total XP
 D = Non-vault monster count
 E = Vault monster count
 F = Vault count percentage of total count
                 A         B        C        D         E       F
            +---------+---------+-------+---------+---------+-------
      Total |      98 |       9 |   8.4 |      42 |       4 |   8.7
            +---------+---------+-------+---------+---------+-------
        D:1 |      44 |       8 |  15.4 |      24 |       3 |  11.1
        D:2 |      34 |       1 |   2.9 |      15 |       1 |   6.2
        D:3 |      20 |       0 |   0.0 |       3 |       0 |   0.0
            +---------+---------+-------+---------+---------+-------
